 Dungeon Crawl Stone Soup version 0.29-a0-824-gd827844252 (webtiles) character file.

Game seed: 8203883138157625130

4081 pokeman the Thaumaturge (level 10, -4/56 HPs)
             Began as a Deep Elf Hedge Wizard on July 10, 2022.
             Was a Follower of Vehumet.
             Slain by an orc warrior
             ... wielding a +0 spear
              (12 damage)
             ... in a bailey.
             The game lasted 00:21:31 (9849 turns).

pokeman the Thaumaturge (Deep Elf Hedge Wizard)     Turns: 9849, Time: 00:21:32

Health: -4/56      AC:  7    Str:  7    XL:     10   Next: 5%
Magic:  28/28      EV: 13    Int: 30    God:    Vehumet [*.....]
Gold:   508        SH:  0    Dex: 14    Spells: 23/34 levels left

rFire   + . .      SeeInvis .   m - +1 dagger (elec)
rCold   . . .      Faith    .   (no shield)
rNeg    . . .      Spirit   .   J - +2 steam dragon scales
rPois   .          Reflect  .   c - +0 hat
rElec   .          Harm     .   (no cloak)
rCorr   .          Rampage  .   (no gloves)
Will    +....                   (no boots)
Stlth   ++........              p - amulet of magic regeneration
HPRegen 0.18/turn               g - ring of protection from fire
MPRegen 0.61/turn               h - +6 ring of intelligence

@: no status effects
A: no striking features
a: Renounce Religion


You were in a bailey.
You worshipped Vehumet.
Vehumet was aware of your devotion.
You visited 1 branch of the dungeon, and saw 8 of its levels.
You also visited: Bailey.

You collected 508 gold pieces.

Inventory:

Hand Weapons
 e - a +2 dagger of venom
 m - a +1 dagger of electrocution (weapon)
 D - a +0 shortbow
Missiles
 y - 2 throwing nets
Armour
 c - a +0 hat (worn)
 J - +2 steam dragon scales (worn)
Jewellery
 g - a ring of protection from fire (left hand)
 h - a +6 ring of intelligence (right hand)
 o - a ring of resist corrosion
 p - an amulet of magic regeneration (around neck)
Wands
 a - a wand of flame (43)
 E - a wand of mindburst (13)
 I - a wand of paralysis (12)
Scrolls
 b - 3 scrolls of vulnerability {unknown}
 f - 3 scrolls of teleportation {unknown}
 i - 6 scrolls of identify {unknown}
 j - a scroll of summoning
 k - a scroll of enchant weapon
 q - 2 scrolls of poison {unknown}
 s - 2 scrolls of blinking {unknown}
 t - a scroll of amnesia {unknown}
 w - 2 scrolls of silence {unknown}
 x - 2 scrolls of noise {unknown}
 B - a scroll of torment {unknown}
 F - a scroll of magic mapping {unknown}
 G - 3 scrolls of enchant armour
 H - a scroll of fear {unknown}
Potions
 d - 3 potions of magic
 l - a potion of curing
 n - a potion of flight {unknown}
 r - a potion of mutation {unknown}
 u - a potion of ambrosia {unknown}
 v - 6 potions of heal wounds
 z - 3 potions of brilliance
 A - a potion of cancellation {unknown}
 C - 2 potions of haste
 K - 2 potions of might {unknown}
 L - a potion of experience {unknown}


   Skills:
 + Level 3.8 Fighting
 - Level 3.0 Armour
 - Level 3.0 Dodging
 - Level 3.0 Stealth
 * Level 12.7 Spellcasting
 + Level 7.1 Conjurations
 - Level 1.1 Summonings
 - Level 1.1 Translocations
 + Level 6.2 Fire Magic
 - Level 1.2 Air Magic
 - Level 1.0 Poison Magic
 - Level 1.3 Evocations


You had 23 spell levels left.
You knew the following spells:

 Your Spells              Type           Power      Damage    Failure   Level
a - Magic Dart            Conj           100%       1d8       1%          1
b - Mephitic Cloud        Conj/Pois/Air  37%        N/A       2%          3
c - Call Imp              Summ           25%        N/A       2%          2
d - Blink                 Tloc           50%        N/A       2%          2
e - Conjure Flame         Conj/Fire      56%        6-21      1%          3

Your spell library contained the following spells:

 Spells                   Type           Power      Damage    Failure   Level
 Freeze                   Ice            76%        1d9       2%          1
 Searing Ray              Conj           100%       2d8       1%          2
 Slow                     Hex            76%        N/A       2%          1
 Ensorcelled Hibernation  Hex/Ice        38%        N/A       4%          2
 Passwall                 Tmut/Erth      15%        N/A       4%          2
 Swiftness                Air            26%        N/A       4%          3
 Fulminant Prism          Conj/Hex       20%        3d13      6%          4


Dungeon Overview and Level Annotations

Branches:
Dungeon (8/15)             Temple (0/1) D:7          Bailey (1/1)
   Lair: D:8-11

Altars:
Elyvilon
Fedhas
Gozag
Hepliaklqana
Makhleb
Ru
Trog
Vehumet
Wu Jian

Shops:
D:6 *


Message History

Unknown command.
You hit the orc warrior but do no damage.
The orc warrior is almost dead.
There is an open door, spattered with blood here.
Items here: ))))))) [[ ÷÷.
The orc warrior no longer looks unusually strong.
The orc warrior cries.
The orc warrior says, "I'm a little confused."
There is an open gate here.
You close the gate.
There is an open gate here.
You close the gate.
Things that are here:
a +0 halberd; an orc skeleton An orc warrior comes into view.
It is wielding a +0 spear.
You see here a +0 hand axe.
Vehumet accepts your kill.
You feel a bit more experienced.
Casting: Mephitic Cloud (dangerous; 2% risk of failure)
Confirm with . or Enter, or press ? or * to list all spells.
Aiming: Mephitic Cloud (dangerous; 2% risk of failure)
Press: ? - help, Shift-Dir - straight line, f - orc warrior
Aim: an orc warrior, wielding a +0 spear and wearing a +0 scale mail (wandering, hasn't noticed you, chance to affect: 81%)
The ball explodes into a vile cloud!
The stinking cloud engulfs the orc warrior but does no damage.
The orc warrior shouts!
The orc warrior is engulfed in noxious fumes.
The orc warrior appears confused.
Unknown command.
The orc warrior is engulfed in noxious fumes.
The orc warrior appears confused.
There is a huge open gate here.
Found a scroll of summoning.
You close the huge gate.
The orc warrior is engulfed in noxious fumes.
The orc warrior appears confused.
Found three items.
The orc warrior says, "I'm a little confused."
The orc warrior hits you with a +0 spear!
You die...

#.......#
#..???..#
#.......#
#....?..#
#.......#
#.......#
#.......#
#@......#
#.o..○..#
#.......#
##.....##
#+++++#
##.....##
#.......#
#...)...#
#.......#


You could see an orc warrior (confused).

Vanquished Creatures
  An orc knight (Bailey)
  Maggie (D:7)
  Menkaure (D:7)
  A water moccasin (D:6)
  Duvessa (D:7)
  2 black bears
  5 orc warriors (Bailey)
  2 ogres
  A centaur (D:7)
  2 kobold brigands
  A phantom (D:6)
  2 bullfrogs
  2 necrophages
  4 scorpions
  13 wights (D:7)
  Dowan (D:7)
  A howler monkey (D:4)
  A hound (D:6)
  2 orc priests
  2 jellies
  5 iguanas
  Terence (D:3)
  4 orc wizards
  A mummy (D:4)
  6 adders
  7 gnolls
  2 worms (D:2)
  4 dart slugs
  40 orcs
  3 endoplasms
  7 giant cockroaches
  11 goblins
  6 hobgoblins
  2 jackals (D:3)
  17 kobolds
  4 quokkas
  7 ball pythons
  8 bats
  3 frilled lizards
  A hobgoblin zombie (D:4)
  2 kobold zombies (D:4)
  An orc zombie (D:4)
  3 rats (D:2)
191 creatures vanquished.

Vanquished Creatures (others)
  2 plants (D:4)
2 creatures vanquished.

Grand Total: 193 creatures vanquished

Notes
Turn   | Place    | Note
-------+----------+-------------------------------------------
     0 | D:1      | pokeman the Deep Elf Hedge Wizard began the quest for the
                  | Orb.
     0 | D:1      | Reached XP level 1. HP: 10/10 MP: 7/7
   372 | D:1      | Reached XP level 2. HP: 16/16 MP: 4/9
  1100 | D:1      | Found a faded altar of an unknown god.
  1301 | D:2      | Reached skill level 5 in Spellcasting
  1536 | D:2      | Reached XP level 3. HP: 20/20 MP: 0/11
  1540 | D:2      | Learned a level 3 spell: Mephitic Cloud
  1543 | D:2      | Learned a level 2 spell: Call Imp
  1546 | D:2      | Learned a level 2 spell: Blink
  1550 | D:2      | Learned a level 3 spell: Conjure Flame
  1654 | D:2      | Reached skill level 1 in Fighting
  1654 | D:2      | Reached skill level 1 in Armour
  1664 | D:2      | Reached XP level 4. HP: 21/25 MP: 1/13
  3075 | D:3      | Noticed Terence
  3082 | D:3      | Killed Terence
  3083 | D:3      | Reached skill level 6 in Spellcasting
  3083 | D:3      | Reached XP level 5. HP: 24/29 MP: 13/15
  3610 | D:4      | Reached skill level 1 in Evocations
  3915 | D:4      | Reached skill level 1 in Fire Magic
  4061 | D:4      | Reached XP level 6. HP: 34/34 MP: 13/17
  4306 | D:4      | Reached skill level 7 in Spellcasting
  4498 | D:5      | Entered Level 5 of the Dungeon
  4507 | D:5      | Reached skill level 1 in Poison Magic
  4523 | D:5      | Reached skill level 1 in Air Magic
  5021 | D:4      | Reached XP level 7. HP: 12/38 MP: 15/20
  5328 | D:5      | Reached skill level 8 in Spellcasting
  5702 | D:5      | Reached XP level 8. HP: 5/44 MP: 20/22
  6246 | D:6      | Reached skill level 9 in Spellcasting
  6423 | D:6      | HP: 2/44 [something/magic dart (7)]
  6973 | D:6      | Reached skill level 5 in Conjurations
  6988 | D:6      | Reached skill level 10 in Spellcasting
  7005 | D:6      | Found a radiant altar of Vehumet.
  7015 | D:6      | Became a worshipper of Vehumet
  7028 | D:6      | Noticed an angel
  7029 | D:6      | Found Cewij's Hallowed Reliquary.
  7416 | D:7      | Noticed Dowan
  7416 | D:7      | Noticed Duvessa
  7432 | D:7      | Killed Dowan
  7451 | D:7      | Killed Duvessa
  7452 | D:7      | Reached XP level 9. HP: 15/48 MP: 15/25
  7732 | D:7      | Found a hazy altar of Hepliaklqana.
  7735 | D:7      | Found an ornate altar of the Wu Jian Council.
  7735 | D:7      | Found a white marble altar of Elyvilon.
  7737 | D:7      | Found a blossoming altar of Fedhas.
  7738 | D:7      | Found an opulent altar of Gozag.
  7738 | D:7      | Found a burning altar of Makhleb.
  7783 | D:7      | Found a bloodstained altar of Trog.
  7937 | D:7      | Reached skill level 11 in Spellcasting
  8024 | D:7      | Noticed Menkaure
  8033 | D:7      | Killed Menkaure
  8034 | D:7      | Reached skill level 5 in Fire Magic
  8629 | D:7      | Found a staircase to the Ecumenical Temple.
  8788 | D:7      | Noticed Maggie
  8814 | D:7      | Killed Maggie
  9211 | D:8      | Reached skill level 12 in Spellcasting
  9234 | D:8      | Found a sacrificial altar of Ru.
  9297 | D:8      | Found a flagged portal.
  9356 | Bailey   | Entered a bailey
  9390 | Bailey   | Reached * piety under Vehumet
  9390 | Bailey   | Offered knowledge of Freeze by Vehumet.
  9746 | Bailey   | Noticed an orc knight
  9813 | Bailey   | Killed an orc knight
  9814 | Bailey   | Reached XP level 10. HP: 15/56 MP: 14/28
  9816 | Bailey   | HP: 2/56 [orc warrior/+0 glaive (14)]
  9849 | Bailey   | Slain by an orc warrior

Illustrated notes

Levels and vault maps discovered:
D:1:      dpeg_arrival_round_b, layout_loops_cross,
          hellmonk_ecumenical_altar_crossroads
D:2:      layout_loops_ring, hangedman_decor_peaks_small,
          hangedman_abyss_or_decor_stabs, st_stairs_2, minmay_misc_feat_rugged,
          nicolae_figureground_sparkle
D:3:      layout_rooms, kennysheep_generic_room_9, uniq_terence
D:4:      cheibrodos_old_hovel, layout_cave_pools, minmay_mini_ossuary
D:5:      cheibrodos_thug_alley, layout_cave_pools, kennysheep_boxes
D:6:      layout_loops_ring, vehumet_altar_wand_db, nicolae_good_shop
D:7:      layout_cave_pods, mainiacjoe_overflow_alcove_1,
          grunt_temple_overflow_open, minmay_temple_entry_nine_rooms,
          uniq_duvessa, uniq_maggie, uniq_menkaure
D:8:      layout_rooms, kennysheep_mini_moat, enter_bailey_3
Bailey:   bailey_polearm_5, bailey

Skill      XL: |  1  2  3  4  5  6  7  8  9 |
---------------+----------------------------+-----
Spellcasting   | 5 6 7 8 10 12 | 12.7
Fighting       | 1 2 3 |  3.8
Armour         | 1 3 |  3.0
Conjurations   | 2 3 4 5 7 |  7.1
Stealth        | 3 |  3.0
Dodging        | 3 |  3.0
Evocations     | 1 |  1.3
Fire Magic     | 1 2 4 6 |  6.2
Poison Magic   | 1 |  1.0
Air Magic      | 1 |  1.2
Summonings     | |  1.1
Translocations | |  1.1

Action                   |  1- 3 |  4- 6 |  7- 9 | 10-12 || total
-------------------------+-------+-------+-------+-------++-------
Melee: Dagger            |    15 |    37 |    78 |     5 ||   135
       Punch             |       |     1 |     1 |       ||     2
 Cast: Magic Dart        |    80 |   173 |   305 |       ||   558
       Mephitic Cloud    |     3 |     8 |    30 |     1 ||    42
       Conjure Flame     |     1 |     1 |    25 |       ||    27
       Blink             |       |     3 |     4 |       ||     7
       Call Imp          |       |       |     5 |       ||     5
  Use: Potion            |       |     5 |       |       ||     5
 Stab: Confused          |     3 |     6 |     9 |     2 ||    20
       Sleeping          |       |     1 |       |       ||     1
Armor: Robe              |     6 |     1 |       |       ||     7
       Leather armour    |       |    13 |     3 |       ||    16
       Steam dragon scal |       |       |     6 |       ||     6
Dodge: Dodged            |    18 |    44 |    76 |     1 ||   139

Table legend: (Time is in decaauts)
 A = Elapsed time spent in this place.
 B = Non-inter-level travel time spent in this place.
 C = Inter-level travel time spent in this place.
 D = Time resting spent in this place.
 E = Time spent auto-exploring this place.
 F = Levels seen in this place.
 G = Mean time per level.
                   A        B        C        D        E       F      G
               +--------+--------+--------+--------+--------+-----+--------+
         Total |   9833 |   9526 |    307 |    599 |   7355 |   9 | 1092.6 |
       Dungeon |   9340 |   9033 |    307 |    599 |   7086 |   8 | 1167.5 |
        Bailey |    492 |    492 |      0 |      0 |    269 |   1 |  492.0 |
               +--------+--------+--------+--------+--------+-----+--------+

Top non-repeatable levels by time:
     D:7: 1920 daAuts
     D:4: 1689 daAuts
     D:2: 1495 daAuts
     D:1: 1290 daAuts
     D:6: 1074 daAuts
     D:5: 940 daAuts
     D:3: 776 daAuts
  Bailey: 492 daAuts
     D:8: 153 daAuts
